 Dungeon Crawl Stone Soup version 0.28.0-53-g5a82cb258f (webtiles) character file.

Game seed: 13232937584244993015

1638 Peloso the Carver (level 8, 0/71 HPs)
             Began as a Minotaur Fighter on May 31, 2022.
             Was an Initiate of Okawaru.
             Slain by an acid dragon (3 damage)
             ... on level 6 of the Dungeon.
             The game lasted 00:08:46 (6070 turns).

Peloso the Carver (Minotaur Fighter)                Turns: 6070, Time: 00:08:46

Health: 0/71       AC: 12    Str: 20    XL:     8   Next: 66%
Magic:  7/7        EV:  8    Int:  5    God:    Okawaru [......]
Gold:   147        SH:  5    Dex: 13    Spells: 7/7 levels left

rFire   . . .      SeeInvis .   a - +0 long sword (freeze)
rCold   . . .      Faith    .   c - +0 buckler
rNeg    . . .      Spirit   .   m - +0 chain mail
rPois   .          Reflect  .   (helmet restricted)
rElec   .          Harm     .   (no cloak)
rCorr   .          Rampage  .   p - +0 pair of gloves
Will    .....                   (no boots)
Stlth   ..........              (no amulet)
HPRegen 0.21/turn               (no ring)
MPRegen 0.10/turn               (no ring)

@: no status effects
A: horns 2, retaliatory headbutt
a: Renounce Religion


You were on level 6 of the Dungeon.
You worshipped Okawaru.
Okawaru was noncommittal.
You visited 2 branches of the dungeon, and saw 7 of its levels.
You also visited: Ossuary.

You collected 147 gold pieces.

Inventory:

Hand Weapons
 a - a +0 long sword of freezing (weapon)
Missiles
 n - a throwing net (quivered)
Armour
 b - a +0 scale mail
 c - a +0 buckler (worn)
 m - a +0 chain mail (worn)
 p - a +0 pair of gloves (worn)
Wands
 l - a wand of digging (5)
Scrolls
 f - 3 scrolls of identify
 g - 2 scrolls of noise
 i - a scroll of enchant armour
 j - a scroll of magic mapping
 k - a scroll of enchant weapon
Potions
 d - 3 potions of mutation
 e - a potion of resistance
 h - 2 potions of curing
 o - 2 potions of magic


   Skills:
 + Level 6.4 Fighting
 + Level 8.8 Long Blades
 + Level 7.4 Armour
 + Level 2.0 Dodging
 + Level 1.4 Stealth
 + Level 5.8 Shields


You had 7 spell levels left.
You didn't know any spells.
Your spell library contained the following spells:

 Spells                   Type           Power      Damage    Failure   Level
 Frozen Ramparts          Ice            0%         1d2       100%        3
 Ice Form                 Ice/Tmut       0%         N/A       100%        4
 Passage of Golubria      Tloc           0%         N/A       100%        4
 Yara's Violent Unravell  Hex/Tmut       0%         3d3       100%        5
 Tukima's Dance           Hex            Unusable   N/A       N/A         3
 Summon Ice Beast         Ice/Summ       Unusable   N/A       N/A         4

Dungeon Overview and Level Annotations

Branches:
Dungeon (6/15)             Temple (1/1) D:4         Ossuary (visited)

Altars:
Ashenzari
Cheibriados
Elyvilon
Fedhas
Gozag
Hepliaklqana
Kikubaaqudgha
Makhleb
Nemelex Xobeh
Okawaru
Qazlal
Ru
Sif Muna
Uskayaw
Vehumet
Wu Jian
Xom
Yredelemnul
Zin
The Shining One

Shops:
D:1 (   D:5 =   D:6 :


Innate Abilities, Weirdness & Mutations

You have a pair of horns on your head.
You reflexively headbutt those who attack you in melee.


Message History

The acid dragon bites you. You block the acid dragon's attack.
You hit the acid dragon but do no damage.
The acid dragon is lightly wounded.
The acid dragon bites you!
The acid dragon claws you but does no damage.
You barely miss the acid dragon.
You headbutt the acid dragon, but do no damage.
The acid dragon is lightly wounded.
The acid dragon bites you but does no damage.
The acid dragon claws you but does no damage.
You hit the acid dragon but do no damage.
The acid dragon is lightly wounded.
The acid dragon spits acid at you. The splash of acid hits you!!
You barely miss the acid dragon.
The acid dragon is lightly wounded.
You block the acid dragon's attack. The acid dragon closely misses you.
You hit the acid dragon. You freeze the acid dragon.
Your headbutt misses the acid dragon.
The acid dragon is moderately wounded.
You block the acid dragon's attack.
The acid dragon claws you but does no damage.
You slash the acid dragon! You freeze the acid dragon.
The acid dragon is severely wounded.
The acid dragon bites you.
The acid dragon claws you but does no damage.
You barely miss the acid dragon.
The acid dragon is severely wounded.
The acid dragon spits acid at you. The splash of acid hits you!!
* * * LOW HITPOINT WARNING * * *
You barely miss the acid dragon.
The acid dragon is severely wounded.
The acid dragon bites you!
* * * LOW HITPOINT WARNING * * *
The acid dragon claws you but does no damage.
You barely miss the acid dragon.
The acid dragon is severely wounded.
The acid dragon bites you.
You die...

.......................
....................#.
#.......##.#.........
#.......##.##.##.#.#.
#....................
#.##......#....####.#.#.
.∩.8......#....####.###.
#<#####.#.#.............
.8.....@..#.....###.###.
..#####D..#.....# #.# #.
..........# #.# #.
.#...#.....###.###.
........... ........
..<#..##.#.. ........
### #.(# ..... #.....
.... ....###.###.
............


You could see an acid dragon (catching breath).

Vanquished Creatures
  A wraith (Ossuary)
  A steam dragon (D:6)
  2 ice beasts
  A black bear (D:4)
  An ogre (D:5)
  2 centaurs (D:5)
  A phantom (D:5)
  3 scorpions
  A water moccasin zombie (D:5)
  A bullfrog zombie (D:6)
  2 jellies (D:5)
  2 bullfrog skeletons
  3 hounds
  2 iguanas (D:5)
  A killer bee zombie (D:6)
  A mummy (Ossuary)
  4 gnolls (D:6)
  10 adders
  A worm (D:3)
  3 dart slugs
  2 orcs (D:5)
  2 ball pythons
  4 endoplasms
  3 giant cockroaches
  6 goblins
  4 hobgoblins
  5 quokkas
  7 bats
  4 frilled lizards
  6 gnoll skeletons (Ossuary)
  5 kobolds
  7 kobold skeletons (Ossuary)
  12 orc skeletons (Ossuary)
  5 rats
115 creatures vanquished.

Notes
Turn   | Place    | Note
-------+----------+-------------------------------------------
     0 | D:1      | Peloso the Minotaur Fighter began the quest for the Orb.
     0 | D:1      | Reached XP level 1. HP: 19/19 MP: 0/0
    36 | D:1      | Found a faded altar of an unknown god.
   105 | D:1      | Found Keginuotz's Weapon Boutique.
   176 | D:1      | Reached XP level 2. HP: 27/27 MP: 1/1
   994 | D:2      | Reached skill level 3 in Long Blades
  1008 | D:2      | Reached XP level 3. HP: 30/33 MP: 2/2
  2132 | D:3      | Found an ancient bone altar of Kikubaaqudgha.
  2205 | D:3      | Reached XP level 4. HP: 40/40 MP: 3/3
  3055 | D:4      | Reached skill level 4 in Long Blades
  3055 | D:4      | Reached skill level 1 in Dodging
  3226 | D:4      | Noticed an ice beast
  3238 | D:4      | Killed an ice beast
  3239 | D:4      | Reached skill level 5 in Armour
  3239 | D:4      | Reached XP level 5. HP: 47/47 MP: 4/4
  3424 | D:5      | Entered Level 5 of the Dungeon
  3442 | D:5      | Reached skill level 5 in Long Blades
  3442 | D:5      | Reached XP level 6. HP: 19/55 MP: 5/5
  3508 | D:5      | Found Bapt's One-of-a-Kind Rings.
  3526 | D:5      | Reached skill level 5 in Fighting
  3556 | D:5      | Reached skill level 1 in Stealth
  3556 | D:5      | Reached XP level 7. HP: 6/61 MP: 6/6
  3579 | D:5      | Found a sacrificial altar of Ru.
  3599 | D:5      | Found a sand-covered staircase.
  3608 | Ossuary  | Entered an ossuary
  3608 | Ossuary  | Noticed a wraith
  3608 | Ossuary  | Noticed a wraith
  3608 | Ossuary  | Noticed a wraith
  4183 | Ossuary  | Noticed a wraith
  4200 | Ossuary  | Killed a wraith
  4201 | Ossuary  | Reached skill level 6 in Long Blades
  4248 | D:5      | Reached skill level 5 in Shields
  4251 | D:5      | Reached skill level 7 in Long Blades
  4283 | D:5      | Reached XP level 8. HP: 24/70 MP: 7/7
  4857 | D:5      | Found a glowing golden altar of the Shining One.
  4866 | D:5      | Reached skill level 8 in Long Blades
  4942 | D:5      | Found a hide-covered altar of Uskayaw.
  5322 | D:4      | Found a staircase to the Ecumenical Temple.
  5328 | Temple   | Entered the Ecumenical Temple
  5350 | Temple   | Became a worshipper of Warmaster Okawaru
  5629 | D:6      | Found a blossoming altar of Fedhas.
  6057 | D:6      | Found Motzo's Book Shoppe.
  6069 | D:6      | HP: 2/71 [acid dragon (11)]
  6070 | D:6      | Slain by an acid dragon

Illustrated notes

Levels and vault maps discovered:
D:1:      tarquinn_simple_flora_water_c, layout_basic, serial_shops,
          nicolae_shop_competitors_out_of_business,
          dreamdust_ecumenical_altar_grove, item_on_display_a
D:2:      layout_basic, minmay_misc_feat_alley
D:3:      layout_loops_corners, old_standard_altar
D:4:      layout_cave_pools, minmay_temple_entry_fiery
D:5:      layout_rooms, mainiacjoe_overflow_two_lobes,
          nicolae_ossuary_entry_ruins, nicolae_shop_unique_rings,
          minmay_ruined_shrine
D:6:      layout_basic, fedhas_altar_decomposition, serial_shops,
          nicolae_shop_statue_plus, minmay_joined_circles
Temple:   lightli_temple_of_artemis

Skill      XL: |  1  2  3  4  5  6  7  8 |
---------------+-------------------------+-----
Armour         | 4 5 6 7 |  7.4
Shields        | 4 5 |  5.8
Fighting       | 4 5 6 |  6.4
Long Blades    | 3 4 5 7 8 |  8.8
Dodging        | 1 2 |  2.0
Stealth        | 1 |  1.4

Action                   |  1- 3 |  4- 6 |  7- 9 || total
-------------------------+-------+-------+-------++-------
Melee: Long sword        |    92 |    84 |   151 ||   327
       Headbutt          |    13 |    15 |    29 ||    57
  Use: Scroll            |       |     6 |     6 ||    12
       Potion            |       |     5 |     1 ||     6
 Stab: Invisible         |       |     5 |       ||     5
Armor: Scale mail        |    59 |     9 |       ||    68
       Chain mail        |       |    38 |   141 ||   179
Dodge: Dodged            |    47 |    42 |    78 ||   167
Block: Buckler           |    27 |    17 |    58 ||   102
